[Event "2023 IBCA European Team Championship for the Blind and Visually Impaired"]
[Site "Genoa, Italy"]
[Date "2023.04.22"]
[Round "3"]
[White "Draghici Flutur, Gavril"]
[Black "Kolpakov, Vladyslav"]
[Result "0-1"]
[Time "15:00:00"]
[UTCTime "13:00:00"]
[UTCDate "2023.04.22"]
[Board "2.1"]
[WhiteTeam "Spain"]
[BlackTeam "Ukraine"]
[WhiteCountry "ESP"]
[BlackCountry "UKR"]
[WhiteTitle "-"]
[BlackTitle "-"]
[WhiteElo "1989"]
[BlackElo "2248"]
[TimeControl "5400+30"]
[Opening "French"]
[Variation "advance variation"]
[ECO "C02"]
[PlyCount "74"]
[EventDate "2023.04.20"]
[EventType "team"]
[EventRounds "9"]
[EventCountry "ITA"]
[Annotator "Vrioni, Bersan"]

1. e4 e6 2. d4 d5 3. e5 c5 4. c3 Qb6 5. Nf3 Nc6 6. a3 Bd7 7. b4 cxd4 8. cxd4 Rc8
9. Bb2 Na5 10. Nc3 Ne7 11. Na4 Qc6 12. Nc5 Nc4 13. Bxc4 dxc4 14. O-O b6 15. Nxd7
Qxd7 16. Ng5 Nd5 17. Rc1 Be7 18. Ne4 O-O 19. Qd2 Rc7 20. Nc3 Ra8 21. f4 a5 22.
Nxd5 Qxd5 23. Bc3 axb4 24. axb4 b5 25. Ra1 Rca7 26. Rxa7 Rxa7 27. f5 exf5 28.
Rxf5 h6 29. Qf2 Ra3 30. Qe1 Rb3 31. Rf3 Bd8 32. e6 fxe6 33. Re3 Bf6 34. Rxe6
Rxc3 35. Rxf6 Qxd4+ 36. Rf2 Re3 37. Qf1 Rd3 0-1

[Event "2023 IBCA European Team Championship for the Blind and Visually Impaired"]
[Site "Genoa, Italy"]
[Date "2023.04.22"]
[Round "3"]
[White "Shepelev, Igor"]
[Black "Vela Ignacio, Jose Manuel"]
[Result "1/2-1/2"]
[Time "15:00:00"]
[UTCTime "13:00:00"]
[UTCDate "2023.04.22"]
[Board "2.2"]
[WhiteTeam "Ukraine"]
[BlackTeam "Spain"]
[WhiteCountry "UKR"]
[BlackCountry "ESP"]
[WhiteTitle "-"]
[BlackTitle "-"]
[WhiteElo "2076"]
[BlackElo "1974"]
[TimeControl "5400+30"]
[Opening "Queen's gambit declined"]
[ECO "D30"]
[PlyCount "48"]
[EventDate "2023.04.20"]
[EventType "team"]
[EventRounds "9"]
[EventCountry "ITA"]
[Annotator "Vrioni, Bersan"]

1. d4 d5 2. c4 e6 3. g3 Nf6 4. Bg2 Nc6 5. Nf3 dxc4 6. Qa4 Nd7 7. Qxc4 Nb6 8. Qd3
e5 9. Nxe5 Nb4 10. Qd1 Qxd4 11. Qxd4 Nc2+ 12. Kd1 Nxd4 13. e3 Nf5 14. Ke2 Bd6
15. Nd3 O-O 16. b3 a5 17. Ba3 a4 18. Bxd6 Nxd6 19. Nd2 Bg4+ 20. Bf3 Bxf3+ 21.
Nxf3 axb3 22. axb3 Rxa1 23. Rxa1 Ra8 24. Rxa8+ Nxa8 1/2-1/2

[Event "2023 IBCA European Team Championship for the Blind and Visually Impaired"]
[Site "Genoa, Italy"]
[Date "2023.04.22"]
[Round "3"]
[White "Saez Gabikagogeaskoa, Oscar"]
[Black "Zsiltzova-Lisenko, Lubov"]
[Result "1-0"]
[Time "15:00:00"]
[UTCTime "13:00:00"]
[UTCDate "2023.04.22"]
[Board "2.3"]
[WhiteTeam "Spain"]
[BlackTeam "Ukraine"]
[WhiteCountry "ESP"]
[BlackCountry "UKR"]
[WhiteTitle "-"]
[BlackTitle "WIM"]
[WhiteElo "1979"]
[BlackElo "2151"]
[TimeControl "5400+30"]
[Opening "Sicilian"]
[Variation "Najdorf, Byrne (English) attack"]
[ECO "B90"]
[PlyCount "75"]
[EventDate "2023.04.20"]
[EventType "team"]
[EventRounds "9"]
[EventCountry "ITA"]
[Annotator "Vrioni, Bersan"]

1. e4 c5 2. Nf3 d6 3. d4 cxd4 4. Nxd4 Nf6 5. Nc3 a6 6. Be3 e5 7. Nf3 Qc7 8. a4
Be6 9. a5 Qc6 10. Qd3 Nbd7 11. Ng5 d5 12. exd5 Bxd5 13. Nxd5 Nxd5 14. Bd2 h6 15.
Ne4 Be7 16. Be2 O-O 17. O-O f5 18. Nc3 Nb4 19. Qc4+ Kh7 20. Qxc6 bxc6 21. Rfc1
Nf6 22. Na4 Ne4 23. Be3 Rfd8 24. Nb6 Rab8 25. f4 Bd6 26. g3 exf4 27. gxf4 Bc7
28. Ra4 Nd5 29. Nxd5 Rxd5 30. Rc4 c5 31. Bf3 Rxb2 32. Rxe4 Rd7 33. Re6 Bxa5 34.
Bh5 g5 35. Bg6+ Kg7 36. Bxf5 Rf7 37. Rg6+ Kh8 38. Rxh6+ 1-0

[Event "2023 IBCA European Team Championship for the Blind and Visually Impaired"]
[Site "Genoa, Italy"]
[Date "2023.04.22"]
[Round "3"]
[White "Yatsishin, Ivan"]
[Black "Clemente Llamero, Roberto"]
[Result "0-1"]
[Time "15:00:00"]
[UTCTime "13:00:00"]
[UTCDate "2023.04.22"]
[Board "2.4"]
[WhiteTeam "Ukraine"]
[BlackTeam "Spain"]
[WhiteCountry "UKR"]
[BlackCountry "ESP"]
[WhiteTitle "-"]
[BlackTitle "-"]
[WhiteElo "2049"]
[BlackElo "1960"]
[TimeControl "5400+30"]
[Opening "Sicilian"]
[Variation "Labourdonnais-Loewenthal (Kalashnikov) variation"]
[ECO "B32"]
[PlyCount "142"]
[EventDate "2023.04.20"]
[EventType "team"]
[EventRounds "9"]
[EventCountry "ITA"]
[Annotator "Vrioni, Bersan"]

1. e4 c5 2. Nf3 Nc6 3. d4 cxd4 4. Nxd4 e5 5. Nb5 d6 6. c4 Be6 7. N1c3 a6 8. Na3
Be7 9. Be2 Nf6 10. O-O O-O 11. Be3 Rc8 12. Rc1 Nd7 13. Nd5 Bg5 14. Nc2 Bxe3 15.
fxe3 Bxd5 16. exd5 Ne7 17. e4 Nc5 18. Bg4 Ra8 19. Kh1 Nxe4 20. Qe2 f5 21. Bxf5
Ng3+ 22. hxg3 Nxf5 23. Qg4 Qf6 24. Kg1 Qh6 25. Rce1 g6 26. Rf2 Rae8 27. Ref1 Kh8
28. Re1 Qg7 29. b4 b6 30. Rf3 h5 31. Qe4 Nh6 32. a4 Rxf3 33. gxf3 Rf8 34. Kg2
Qf6 35. Ne3 Nf5 36. Nc2 Qg5 37. Re2 Nxg3 38. Qe3 Qxe3 39. Rxe3 Nf5 40. Re4 g5
41. c5 bxc5 42. bxc5 dxc5 43. Ne1 Re8 44. Nd3 Nd6 45. Rxe5 Rxe5 46. Nxe5 c4 47.
Kf2 Kg7 48. Ke3 Kf6 49. Nd7+ Kf5 50. a5 h4 51. Nc5 h3 52. Kf2 c3 53. Nd3 Nc4 54.
Kg3 Nxa5 55. Kxh3 Nb3 56. d6 Ke6 57. Kg4 Kxd6 58. Nb4 a5 59. Nc2 a4 60. Kxg5 Kd5
61. Kf4 Kc4 62. Ke3 Nc5 63. Ke2 Kb3 64. Kd1 Kb2 65. f4 Ne4 66. f5 a3 67. Ne3 a2
68. Nc2 Nf2+ 69. Ke2 Kxc2 70. f6 a1=Q 71. f7 Qa8 0-1

[Event "2023 IBCA European Team Championship for the Blind and Visually Impaired"]
[Site "Genoa, Italy"]
[Date "2023.04.22"]
[Round "3"]
[White "Nizam, Rasim"]
[Black "Pribeanu, Mihail-Dacian"]
[Result "1-0"]
[Time "15:00:00"]
[UTCTime "13:00:00"]
[UTCDate "2023.04.22"]
[Board "3.1"]
[WhiteTeam "Bulgaria"]
[BlackTeam "Romania"]
[WhiteCountry "BUL"]
[BlackCountry "ROU"]
[WhiteTitle "IM"]
[BlackTitle "FM"]
[WhiteElo "2176"]
[BlackElo "2130"]
[TimeControl "5400+30"]
[Opening "Caro-Kann"]
[Variation "advance variation"]
[ECO "B12"]
[PlyCount "47"]
[EventDate "2023.04.20"]
[EventType "team"]
[EventRounds "9"]
[EventCountry "ITA"]
[Annotator "Vrioni, Bersan"]

1. e4 c6 2. d4 d5 3. e5 Bf5 4. Nf3 e6 5. Be2 Nd7 6. O-O h6 7. Nbd2 Ne7 8. a4 Bh7
9. c3 Nf5 10. b4 Be7 11. a5 a6 12. g4 Nh4 13. Nxh4 Bxh4 14. f4 f5 15. h3 Qe7 16.
Nf3 g5 17. Nxh4 gxh4 18. Kh2 Rg8 19. g5 O-O-O 20. Rg1 Qf7 21. Qf1 Rdf8 22. Bxa6
bxa6 23. Qxa6+ Kc7 24. b5 1-0

[Event "2023 IBCA European Team Championship for the Blind and Visually Impaired"]
[Site "Genoa, Italy"]
[Date "2023.04.22"]
[Round "3"]
[White "Patev, Petko"]
[Black "Morariu, Ionel"]
[Result "1-0"]
[Time "15:00:00"]
[UTCTime "13:00:00"]
[UTCDate "2023.04.22"]
[Board "3.3"]
[WhiteTeam "Bulgaria"]
[BlackTeam "Romania"]
[WhiteCountry "BUL"]
[BlackCountry "ROU"]
[WhiteTitle "-"]
[BlackTitle "-"]
[WhiteElo "1796"]
[BlackElo "1914"]
[TimeControl "5400+30"]
[Opening "Philidor's defence"]
[ECO "C41"]
[PlyCount "59"]
[EventDate "2023.04.20"]
[EventType "team"]
[EventRounds "9"]
[EventCountry "ITA"]
[Annotator "Vrioni, Bersan"]

1. e4 e5 2. Nf3 d6 3. Bc4 Be7 4. d4 Nf6 5. dxe5 dxe5 6. Qxd8+ Bxd8 7. Nxe5 O-O
8. Nc3 c6 9. O-O b5 10. Bd3 Re8 11. Nf3 b4 12. Nd1 Nxe4 13. a3 bxa3 14. Rxa3 Be7
15. Ra1 Bc5 16. Re1 Nf6 17. Rxe8+ Nxe8 18. Ng5 h6 19. Ne4 Bb6 20. Bf4 Nd7 21.
Ndc3 Ndf6 22. Na4 Bb7 23. Nec5 Bxc5 24. Nxc5 Bc8 25. h3 Nd5 26. Bg3 Nb4 27. Re1
Nf6 28. Bc4 Nxc2 29. Re7 Nd5 30. Re8+ 1-0

[Event "2023 IBCA European Team Championship for the Blind and Visually Impaired"]
[Site "Genoa, Italy"]
[Date "2023.04.22"]
[Round "3"]
[White "Bursuc, Mihai"]
[Black "Stoykov, Stoyan"]
[Result "1-0"]
[Time "15:00:00"]
[UTCTime "13:00:00"]
[UTCDate "2023.04.22"]
[Board "3.4"]
[WhiteTeam "Romania"]
[BlackTeam "Bulgaria"]
[WhiteCountry "ROU"]
[BlackCountry "BUL"]
[WhiteTitle "-"]
[BlackTitle "-"]
[WhiteElo "1808"]
[BlackElo "1716"]
[TimeControl "5400+30"]
[Opening "Scotch game"]
[ECO "C45"]
[PlyCount "35"]
[EventDate "2023.04.20"]
[EventType "team"]
[EventRounds "9"]
[EventCountry "ITA"]
[Annotator "Vrioni, Bersan"]

1. e4 e5 2. Nf3 Nc6 3. d4 exd4 4. Nxd4 Nxd4 5. Qxd4 Qf6 6. Qe3 Qg6 7. Nc3 c6 8.
Bd2 Bb4 9. O-O-O Nf6 10. f3 O-O 11. g4 Ne8 12. h4 Qe6 13. Kb1 d6 14. g5 f5 15.
Bh3 Qe7 16. Qd4 Bc5 17. Qd3 fxe4 18. Nxe4 1-0

[Event "2023 IBCA European Team Championship for the Blind and Visually Impaired"]
[Site "Genoa, Italy"]
[Date "2023.04.22"]
[Round "3"]
[White "Streltsov, Alexey"]
[Black "Eichstaedt, Mirko"]
[Result "1-0"]
[Time "15:00:00"]
[UTCTime "13:00:00"]
[UTCDate "2023.04.22"]
[Board "4.1"]
[WhiteTeam "Israel"]
[BlackTeam "Germany"]
[WhiteCountry "ISR"]
[BlackCountry "GER"]
[WhiteTitle "FM"]
[BlackTitle "CM"]
[WhiteElo "2326"]
[BlackElo "2241"]
[TimeControl "5400+30"]
[Opening "Queen's pawn"]
[Variation "Chigorin variation"]
[ECO "D00"]
[PlyCount "169"]
[EventDate "2023.04.20"]
[EventType "team"]
[EventRounds "9"]
[EventCountry "ITA"]
[Annotator "Vrioni, Bersan"]

1. d4 d5 2. Nc3 Nf6 3. Bf4 a6 4. e3 e6 5. g4 Bb4 6. Ne2 Nbd7 7. a3 Be7 8. Ng3
Nb6 9. g5 Nfd7 10. h4 c5 11. Qf3 cxd4 12. exd4 Nc4 13. Nh5 O-O 14. b3 Nd6 15.
Bd3 f5 16. gxf6 Nxf6 17. Rg1 Nxh5 18. Qxh5 Nf5 19. Be5 Bf6 20. Bxf5 exf5 21. f4
Be6 22. O-O-O Rc8 23. Kb2 Rf7 24. Ne2 Rd7 25. c3 Kh8 26. Rd3 Qf8 27. Rdg3 a5 28.
R1g2 b5 29. b4 Ra7 30. Bxf6 Qxf6 31. Nc1 axb4 32. axb4 Rca8 33. Qe2 Bg8 34. Qe5
Qxe5 35. fxe5 Be6 36. Rf2 Ra1 37. h5 R8a7 38. Rf4 Ra8 39. Kc2 R8a7 40. Kd2 R7a3
41. Rf2 Rb1 42. Nd3 Ra2+ 43. Ke3 Ra3 44. Rc2 f4+ 45. Kxf4 Rf1+ 46. Rf3 Rxf3+ 47.
Kxf3 Bf5 48. Ke3 Kg8 49. Rc1 g6 50. hxg6 hxg6 51. Nf4 Be4 52. Ne6 Ra7 53. Rf1
Bf5 54. Nf4 Be4 55. Ne2 Rh7 56. Ng3 Rh3 57. Kf4 Bd3 58. Rh1 Rxh1 59. Nxh1 Kf7
60. Kg5 Be4 61. Nf2 Bf5 62. Nd1 Bd3 63. Ne3 Be4 64. Ng4 Ke6 65. Nf6 Bd3 66. Ne8
Kd7 67. Nf6+ Ke6 68. Kh6 Be4 69. Nh7 Kf7 70. Ng5+ Ke7 71. Nh3 Ke6 72. Nf4+ Kf7
73. Kg5 Kg7 74. Ne6+ Kf7 75. Nc7 Bd3 76. Nxd5 Bf5 77. Nf4 Bc2 78. d5 Be4 79. d6
Bf5 80. Kh6 Be4 81. e6+ Kf6 82. d7 Ke7 83. Nxg6+ Kd8 84. Kg7 Kc7 85. Ne5 1-0

[Event "2023 IBCA European Team Championship for the Blind and Visually Impaired"]
[Site "Genoa, Italy"]
[Date "2023.04.22"]
[Round "3"]
[White "Schellmann, Frank"]
[Black "Radovilsky, Yan"]
[Result "1/2-1/2"]
[Time "15:00:00"]
[UTCTime "13:00:00"]
[UTCDate "2023.04.22"]
[Board "4.2"]
[WhiteTeam "Germany"]
[BlackTeam "Israel"]
[WhiteCountry "GER"]
[BlackCountry "ISR"]
[WhiteTitle "CM"]
[BlackTitle "-"]
[WhiteElo "1936"]
[BlackElo "2014"]
[TimeControl "5400+30"]
[Opening "Sicilian defence"]
[ECO "B40"]
[PlyCount "39"]
[EventDate "2023.04.20"]
[EventType "team"]
[EventRounds "9"]
[EventCountry "ITA"]
[Annotator "Vrioni, Bersan"]

1. e4 c5 2. Nf3 e6 3. c3 Nf6 4. e5 Nd5 5. d4 cxd4 6. cxd4 d6 7. Bc4 Be7 8. O-O
O-O 9. Qe2 Qc7 10. Bd2 Nc6 11. Nc3 Nxc3 12. Bxc3 Bd7 13. Bd3 dxe5 14. dxe5 Rfd8
15. Rac1 Qb6 16. Qe4 g6 17. Rfd1 Nb4 18. Bxb4 Qxb4 19. Qxb4 Bxb4 20. Be4 1/2-1/2

[Event "2023 IBCA European Team Championship for the Blind and Visually Impaired"]
[Site "Genoa, Italy"]
[Date "2023.04.22"]
[Round "3"]
[White "Alon, Levi"]
[Black "Dobierzin, Olaf"]
[Result "0-1"]
[Time "15:00:00"]
[UTCTime "13:00:00"]
[UTCDate "2023.04.22"]
[Board "4.3"]
[WhiteTeam "Israel"]
[BlackTeam "Germany"]
[WhiteCountry "ISR"]
[BlackCountry "GER"]
[WhiteTitle "-"]
[BlackTitle "-"]
[WhiteElo "1668"]
[BlackElo "1935"]
[TimeControl "5400+30"]
[Opening "Reti opening"]
[ECO "A04"]
[PlyCount "38"]
[EventDate "2023.04.20"]
[EventType "team"]
[EventRounds "9"]
[EventCountry "ITA"]
[Annotator "Vrioni, Bersan"]

1. Nf3 c5 2. g3 Nc6 3. Bg2 g6 4. O-O Bg7 5. d3 d5 6. Nbd2 e6 7. e4 Nge7 8. c3
O-O 9. Re1 b6 10. Qc2 Bb7 11. Nf1 Qd7 12. Bg5 h6 13. Bxe7 Nxe7 14. Rad1 Rac8 15.
h4 d4 16. N1h2 e5 17. c4 Rce8 18. Ng4 Qxg4 19. Kh2 Qe6 0-1

[Event "2023 IBCA European Team Championship for the Blind and Visually Impaired"]
[Site "Genoa, Italy"]
[Date "2023.04.22"]
[Round "3"]
[White "Ursic, Aleksander"]
[Black "Thevenet, Yann"]
[Result "1-0"]
[Time "15:00:00"]
[UTCTime "13:00:00"]
[UTCDate "2023.04.22"]
[Board "5.1"]
[WhiteTeam "Slovenia"]
[BlackTeam "France"]
[WhiteCountry "SLO"]
[BlackCountry "FRA"]
[WhiteTitle "-"]
[BlackTitle "-"]
[WhiteElo "1834"]
[BlackElo "1960"]
[TimeControl "5400+30"]
[Opening "KGD"]
[Variation "Classical variation"]
[ECO "C30"]
[PlyCount "69"]
[EventDate "2023.04.20"]
[EventType "team"]
[EventRounds "9"]
[EventCountry "ITA"]
[Annotator "Vrioni, Bersan"]

1. e4 e5 2. f4 Bc5 3. Nf3 Nc6 4. c3 d5 5. exd5 Qxd5 6. fxe5 Bg4 7. d4 O-O-O 8.
Nbd2 Nxe5 9. dxe5 Bxf3 10. Qxf3 Qxe5+ 11. Kd1 Nf6 12. Bd3 Nd5 13. Qf5+ Qxf5 14.
Bxf5+ Kb8 15. Nb3 Ne3+ 16. Ke2 Nxf5 17. Nxc5 Rhe8+ 18. Kf2 Rd5 19. Nb3 Nd6 20.
Rf1 g5 21. Kg1 h5 22. Nd2 g4 23. Nb3 f5 24. Bf4 Ne4 25. Rad1 Red8 26. Rxd5 Rxd5
27. g3 Kc8 28. Nd4 c5 29. Ne6 Kd7 30. Ng7 Nf6 31. Bg5 Ne4 32. Be3 h4 33. gxh4
Rd3 34. Nxf5 b5 35. h5 1-0

[Event "2023 IBCA European Team Championship for the Blind and Visually Impaired"]
[Site "Genoa, Italy"]
[Date "2023.04.22"]
[Round "3"]
[White "Deville, Olivier"]
[Black "Znuderl, Matej"]
[Result "0-1"]
[Time "15:00:00"]
[UTCTime "13:00:00"]
[UTCDate "2023.04.22"]
[Board "5.2"]
[WhiteTeam "France"]
[BlackTeam "Slovenia"]
[WhiteCountry "FRA"]
[BlackCountry "SLO"]
[WhiteTitle "-"]
[BlackTitle "-"]
[WhiteElo "1770"]
[BlackElo "1838"]
[TimeControl "5400+30"]
[Opening "King's Indian"]
[Variation "6.Be2"]
[ECO "E91"]
[PlyCount "108"]
[EventDate "2023.04.20"]
[EventType "team"]
[EventRounds "9"]
[EventCountry "ITA"]
[Annotator "Vrioni, Bersan"]

1. d4 Nf6 2. c4 g6 3. Nc3 Bg7 4. e4 d6 5. Nf3 O-O 6. Be2 c5 7. O-O cxd4 8. Nxd4
Nc6 9. Be3 Bd7 10. f3 Ne5 11. Qd2 Rc8 12. b3 a6 13. Rac1 Nc6 14. Rfd1 Re8 15.
Nd5 Nxd5 16. cxd5 Nxd4 17. Bxd4 Bxd4+ 18. Qxd4 Qa5 19. a4 Rxc1 20. Rxc1 Rc8 21.
Rxc8+ Bxc8 22. Kf2 f6 23. g4 h6 24. h4 g5 25. hxg5 hxg5 26. Qc4 Qc5+ 27. Kg2 Bd7
28. Kf1 Kf7 29. Qxc5 dxc5 30. a5 Ke8 31. Ke1 Kd8 32. Kd2 Kc7 33. Kc3 Bb5 34. Bd1
Kd6 35. Kd2 Ke5 36. Ke3 Bf1 37. Kf2 Bd3 38. Ke3 Bb1 39. Be2 Bc2 40. Bc4 Bd1 41.
d6 Kxd6 42. Bd5 Kc7 43. e5 b6 44. axb6+ Kxb6 45. Ke4 Bc2+ 46. Ke3 a5 47. Kd2 Bb1
48. Kc3 fxe5 49. Kc4 Bg6 50. Kc3 Kb5 51. Bb7 Bf7 52. Be4 c4 53. bxc4+ Bxc4 54.
Bc2 Bd5 0-1

[Event "2023 IBCA European Team Championship for the Blind and Visually Impaired"]
[Site "Genoa, Italy"]
[Date "2023.04.22"]
[Round "3"]
[White "Stimec, Marjan"]
[Black "Meyer, Eric"]
[Result "1-0"]
[Time "15:00:00"]
[UTCTime "13:00:00"]
[UTCDate "2023.04.22"]
[Board "5.3"]
[WhiteTeam "Slovenia"]
[BlackTeam "France"]
[WhiteCountry "SLO"]
[BlackCountry "FRA"]
[WhiteTitle "-"]
[BlackTitle "-"]
[WhiteElo "1771"]
[BlackElo "1677"]
[TimeControl "5400+30"]
[Opening "Sicilian"]
[Variation "Najdorf, 6...e6"]
[ECO "B95"]
[PlyCount "97"]
[EventDate "2023.04.20"]
[EventType "team"]
[EventRounds "9"]
[EventCountry "ITA"]
[Annotator "Vrioni, Bersan"]

1. e4 c5 2. Nf3 d6 3. d4 cxd4 4. Nxd4 Nf6 5. Nc3 a6 6. Bg5 e6 7. Qd2 Nbd7 8. f3
Be7 9. O-O-O Qc7 10. g4 b5 11. Kb1 Bb7 12. h4 Rc8 13. Bxb5 axb5 14. Ndxb5 Qc5
15. Be3 Qc6 16. Nxd6+ Bxd6 17. Qxd6 Qxd6 18. Rxd6 Ke7 19. Rhd1 Bc6 20. g5 Ne8
21. R6d2 Nc7 22. a4 Ra8 23. b3 Rhb8 24. Kc1 Na6 25. Rd6 Nb4 26. f4 Rb7 27. R6d4
Ke8 28. Rc4 Nb8 29. Nb5 N8a6 30. Nd6+ Ke7 31. Nxb7 Bxb7 32. Bc5+ Nxc5 33. Rxc5
Bxe4 34. Rd4 Bxc2 35. Rxb4 Bd3 36. Rc7+ Ke8 37. Rbb7 Be4 38. Re7+ Kd8 39. Rbd7+
Kc8 40. Rxf7 Ra6 41. Rc7+ Kd8 42. Rfd7+ Ke8 43. Rxg7 Kd8 44. Rxh7 Rb6 45. Rcg7
Bxh7 46. Rxh7 Rxb3 47. g6 Rg3 48. h5 Ra3 49. g7 1-0

[Event "2023 IBCA European Team Championship for the Blind and Visually Impaired"]
[Site "Genoa, Italy"]
[Date "2023.04.22"]
[Round "3"]
[White "Casadei, Marco"]
[Black "Cajzler, Hinko"]
[Result "1-0"]
[Time "15:00:00"]
[UTCTime "13:00:00"]
[UTCDate "2023.04.22"]
[Board "6.1"]
[WhiteTeam "Italy"]
[BlackTeam "Croatia"]
[WhiteCountry "ITA"]
[BlackCountry "CRO"]
[WhiteTitle "-"]
[BlackTitle "-"]
[WhiteElo "1982"]
[BlackElo "2030"]
[TimeControl "5400+30"]
[Opening "Scandinavian"]
[Variation "Pytel-Wade variation"]
[ECO "B01"]
[PlyCount "91"]
[EventDate "2023.04.20"]
[EventType "team"]
[EventRounds "9"]
[EventCountry "ITA"]
[Annotator "Vrioni, Bersan"]

1. e4 d5 2. exd5 Qxd5 3. Nc3 Qd6 4. d4 c6 5. Bc4 Nf6 6. Nge2 Bf5 7. O-O e6 8.
Bf4 Qd8 9. Ng3 Bg6 10. Re1 Be7 11. Nce4 Nxe4 12. Nxe4 O-O 13. c3 Nd7 14. Qe2 Nb6
15. Bb3 Nd5 16. Bg3 Re8 17. Rad1 Bf8 18. c4 Nb6 19. Qf3 a5 20. a3 a4 21. Ba2 h6
22. h4 Ra5 23. c5 Nc8 24. h5 Bf5 25. Bf4 Qh4 26. Bg3 Qg4 27. Bc4 Qxf3 28. gxf3
Ra8 29. Be5 Kh8 30. Kh2 Be7 31. Rg1 f6 32. Bf4 b5 33. Ba2 Ra7 34. Rg2 Bf8 35.
Rdg1 Bh7 36. Bb1 e5 37. dxe5 fxe5 38. Bxh6 Bxe4 39. Bxe4 Re6 40. Be3 Ne7 41. Rd1
Ng8 42. Rg6 Nf6 43. Rd8 Kg8 44. h6 Rf7 45. Bf5 Ree7 46. hxg7 1-0

[Event "2023 IBCA European Team Championship for the Blind and Visually Impaired"]
[Site "Genoa, Italy"]
[Date "2023.04.22"]
[Round "3"]
[White "Culjak, Miso"]
[Black "Vrioni, Bersan"]
[Result "1/2-1/2"]
[Time "15:00:00"]
[UTCTime "13:00:00"]
[UTCDate "2023.04.22"]
[Board "6.2"]
[WhiteTeam "Croatia"]
[BlackTeam "Italy"]
[WhiteCountry "CRO"]
[BlackCountry "ITA"]
[WhiteTitle "-"]
[BlackTitle "-"]
[WhiteElo "1705"]
[BlackElo "1910"]
[TimeControl "5400+30"]
[Opening "Pirc defence"]
[ECO "B07"]
[PlyCount "74"]
[EventDate "2023.04.20"]
[EventType "team"]
[EventRounds "9"]
[EventCountry "ITA"]
[Annotator "Vrioni, Bersan"]

1. e4 d6 2. d4 Nf6 3. Nc3 e5 4. dxe5 dxe5 5. Qxd8+ Kxd8 6. Bc4 Be6 7. Bxe6 fxe6
8. Bg5 Nd7 9. f3 c6 10. Nge2 Kc7 11. O-O-O b5 12. Be3 a5 13. a4 b4 14. Nb1 Bc5
15. Bxc5 Nxc5 16. b3 Ncd7 17. Nd2 Nb6 18. h3 c5 19. c4 Rad8 20. f4 exf4 21. Nxf4
Rhe8 22. e5 g5 23. Ne2 Nfd7 24. Ne4 Nxe5 25. Rxd8 Rxd8 26. Rd1 Rxd1+ 27. Kxd1
Nf7 28. Nxc5 e5 29. Ne4 Nc8 30. Kd2 Ncd6 31. N2g3 Kc6 32. Ke3 Nb7 33. Nf5 Nbd8
34. g3 Ne6 35. Ne7+ Kd7 36. Nf5 Kc6 37. Ne7+ Kd7 1/2-1/2

[Event "2023 IBCA European Team Championship for the Blind and Visually Impaired"]
[Site "Genoa, Italy"]
[Date "2023.04.22"]
[Round "3"]
[White "Badano, Giancarlo"]
[Black "Kljaic, Kresimir"]
[Result "1-0"]
[Time "15:00:00"]
[UTCTime "13:00:00"]
[UTCDate "2023.04.22"]
[Board "6.3"]
[WhiteTeam "Italy"]
[BlackTeam "Croatia"]
[WhiteCountry "ITA"]
[BlackCountry "CRO"]
[WhiteTitle "-"]
[BlackTitle "-"]
[WhiteElo "1742"]
[BlackElo "1520"]
[TimeControl "5400+30"]
[Opening "Sicilian"]
[Variation "Anderssen variation"]
[ECO "B40"]
[PlyCount "105"]
[EventDate "2023.04.20"]
[EventType "team"]
[EventRounds "9"]
[EventCountry "ITA"]
[Annotator "Vrioni, Bersan"]

1. e4 c5 2. Nf3 e6 3. d4 cxd4 4. Nxd4 Nf6 5. Bd3 Be7 6. O-O O-O 7. Be3 a6 8. Nd2
b5 9. c3 Qc7 10. a4 b4 11. c4 Nc6 12. Nxc6 dxc6 13. Qe2 c5 14. f4 Bb7 15. e5 Nd7
16. Rad1 Bc6 17. b3 g6 18. Be4 Rad8 19. Qf3 Nb8 20. Bxc6 Qxc6 21. Ne4 Kg7 22. g4
Rxd1 23. Rxd1 Nd7 24. Kg2 Rd8 25. Nd6 Qxf3+ 26. Kxf3 f6 27. Ke4 h6 28. Rd2 Kf8
29. Nb7 f5+ 30. gxf5 gxf5+ 31. Kf3 Ke8 32. Nxd8 Kxd8 33. Rg2 Ke8 34. Rg6 Kf7 35.
Rxh6 Nf8 36. Rh3 Ng6 37. Bf2 Kg7 38. Rg3 Kh6 39. Rg1 Kh5 40. h3 a5 41. Rg2 Kh6
42. Be1 Kh7 43. Rd2 Nf8 44. Rh2 Kh6 45. Bg3 Kg6 46. h4 Kh5 47. Rh1 Ng6 48. Rd1
Nf8 49. Rd2 Kg6 50. h5+ Kxh5 51. Rh2+ Kg6 52. Bh4 Kf7 53. Bxe7 1-0

[Event "2023 IBCA European Team Championship for the Blind and Visually Impaired"]
[Site "Genoa, Italy"]
[Date "2023.04.22"]
[Round "3"]
[White "Asllani, Muhamet"]
[Black "Selkovski, Zarko"]
[Result "1-0"]
[Time "15:00:00"]
[UTCTime "13:00:00"]
[UTCDate "2023.04.22"]
[Board "7.1"]
[WhiteTeam "Kosovo"]
[BlackTeam "North Macedonia"]
[WhiteCountry "KOS"]
[BlackCountry "MKD"]
[WhiteTitle "-"]
[BlackTitle "-"]
[WhiteElo "2238"]
[BlackElo "1920"]
[TimeControl "5400+30"]
[Opening "King's Indian"]
[Variation "East Indian defence"]
[ECO "A48"]
[PlyCount "79"]
[EventDate "2023.04.20"]
[EventType "team"]
[EventRounds "9"]
[EventCountry "ITA"]
[Annotator "Vrioni, Bersan"]

1. d4 Nf6 2. Nf3 g6 3. c4 Bg7 4. Nc3 O-O 5. e4 d6 6. h3 e5 7. d5 Na6 8. Bd3 Nc5
9. Bc2 a5 10. Be3 Bd7 11. Qd2 a4 12. O-O Nh5 13. b4 axb3 14. axb3 Nf4 15. b4 Na6
16. Rab1 Qf6 17. Bd1 g5 18. Nh2 h5 19. c5 Qg6 20. c6 bxc6 21. dxc6 Be6 22. f3
Rab8 23. b5 Nc5 24. Bc2 Bc4 25. Rfd1 Nce6 26. Rb4 Bxb5 27. Rxb5 Nd4 28. Rxb8
Rxb8 29. Bxd4 exd4 30. Nd5 Qh6 31. Nxc7 Rb2 32. Nd5 d3 33. c7 Rxc2 34. Qxc2 dxc2
35. c8=Q+ Kh7 36. Qxc2 Be5 37. Nxf4 gxf4 38. Nf1 Qg7 39. Nd2 Bd4+ 40. Kh1 1-0